 Dungeon Crawl Stone Soup version 0.22-a0-567-gff9aefc (webtiles) character file.

210 Amnesiac the Ducker (level 5, -5/27 HPs)
             Began as a Spriggan Fighter on June 29, 2018.
             Killed by divine providence
             ... invoked by an orc priest
              (11 damage)
             ... on level 4 of the Dungeon.
             The game lasted 00:05:14 (1876 turns).

Amnesiac the Ducker (Spriggan Fighter)              Turns: 1876, Time: 00:05:15

Health: -5/27      AC:  4    Str: 18    XL:     5   Next: 57%
Magic:  7/7        EV: 26    Int:  9    God:
Gold:   54         SH:  7    Dex: 21    Spells: 4/4 levels left

rFire    . . .     SeeInvis +   a - +0 rapier
rCold    . . .     Gourm    .   c - +0 buckler
rNeg     . . .     Faith    .   b - +0 robe
rPois    .         Spirit   .   o - +2 hat
rElec    .         Reflect  .   (no cloak)
rCorr    .         Harm     .   (gloves unavailable)
MR       .....                  (boots unavailable)
Stlth    ++++......             (no amulet)
HPRegen  0.09/turn              (no ring)
MPRegen  0.10/turn              (no ring)

@: mighty, agile, very quick
A: very small, unfitting armour, see invisible, herbivore, speed 3, slow
metabolism 2
a: no special abilities


You were on level 4 of the Dungeon.
You were not hungry.

You visited 1 branch of the dungeon, and saw 4 of its levels.

You collected 54 gold pieces.

Inventory:

Hand Weapons
 a - a +0 rapier (weapon)
Armour
 b - a +0 robe (worn)
 c - a +0 buckler (worn)
 o - a +2 hat (worn)
Jewellery
 k - a cursed -3 ring of dexterity {unknown}
Wands
 n - a wand of polymorph (8)
Scrolls
 e - 2 scrolls of remove curse {!r}
 g - a scroll of identify {!r}
 i - a scroll of noise {!r}
 p - a scroll of enchant weapon {!r}
Comestibles
 f - 3 rations


   Skills:
 - Level 2.4 Fighting
 * Level 4.3 Short Blades
 + Level 5.5 Dodging
 + Level 4.2 Stealth
 - Level 2.4 Shields
 + Level 2.2 Evocations


You had 4 spell levels left.
You didn't know any spells.
Your spell library was empty.

Dungeon Overview and Level Annotations

Branches:
Dungeon (4/15)
 Temple: D:4-7

Altars:
Qazlal

Annotations:
D:4 Eustachio


Innate Abilities, Weirdness & Mutations

You are very small and have problems with some larger weapons.
You are too small for most types of armour.
You have supernaturally acute eyesight. (SInv)
You are a herbivore.
You cover ground extremely quickly.
You need to consume almost no food.


Message History

Really quaff
d - a potion of might {!q}?
You feel very mighty all of a sudden. The leopard gecko bites you. x2
Really quaff
j - a potion of agility {!q}?
You feel agile all of a sudden. The leopard gecko barely misses you.
The leopard gecko completely misses you.
The leopard gecko bites you but does no damage.
The leopard gecko completely misses you.
You block the leopard gecko's attack. The scorpion misses you.
You closely miss the leopard gecko. The leopard gecko closely misses you.
The leopard gecko completely misses you. x2
You block the scorpion's attack.
You puncture the leopard gecko!
You kill the leopard gecko!
You block the leopard gecko's attack.
The leopard gecko completely misses you.
The scorpion misses you.
You puncture the scorpion!
The scorpion is heavily wounded.
The giant cockroach misses you.
The leopard gecko closely misses you. x2
You block the giant cockroach's attack. The scorpion completely misses you.
You hit the scorpion.
The scorpion is heavily wounded.
The leopard gecko completely misses you.
The leopard gecko misses you. The giant cockroach misses you.
The leopard gecko completely misses you.
The scorpion closely misses you.
You hit the scorpion.
The scorpion is almost dead.
The leopard gecko bites you. You block the giant cockroach's attack.
The leopard gecko completely misses you.
The leopard gecko misses you. The scorpion completely misses you.
You hit the scorpion.
You kill the scorpion!
Your Stealth skill increases to level 4!
Your Evocations skill increases to level 2!
The giant cockroach misses you.
The leopard gecko completely misses you. x2
You closely miss the orc priest.
The giant cockroach bites you but does no damage.
You block the leopard gecko's attack. The leopard gecko misses you.
You barely miss the orc priest.
The giant cockroach completely misses you.
The leopard gecko misses you.
The orc priest calls down the wrath of Beogh upon you.
Beogh smites you!
* * * LOW HITPOINT WARNING * * *
You block the leopard gecko's attack.
The giant cockroach completely misses you.
The leopard gecko closely misses you.
You hit the orc priest.
The orc priest is moderately wounded.
An adder comes into view.
The leopard gecko completely misses you.
The orc priest begins to cast a cantrip, but forgets the words!
The giant cockroach misses you. The leopard gecko barely misses you.
You completely miss the orc priest.
The orc priest is moderately wounded.
The leopard gecko closely misses you.
The orc priest invokes the aid of Beogh against you.
Beogh smites you!
You die...

......o....###
...§.####.###
.###..###.....
.......o(.....
.###....(.o###
#.[.##...#
#....###o# #####
#.#..# #.###
##@lo###.#..# #.(..
#lso≈≈##.#..###.###
#≈s≈#≈.#.......o.#
#≈s≈#≈≈#.....#####
#≈.≈#≈≈#.....#
#≈S≈#≈≈##.####
#≈.≈#≈o##.#
#≈≈≈#≈.##.#
..≈##≈..#.#


You could see an orc priest, an adder (wandering), an orc, 2 leopard geckos and
3 giant cockroaches.

Vanquished Creatures
  2 scorpions (D:4)
  7 adders
  A worm (D:4)
  3 dart slugs
  4 leopard geckos
  An orc (D:4)
  5 giant cockroaches
  4 goblins
  3 hobgoblins
  A kobold (D:3)
  A quokka (D:2)
  7 bats
  A frilled lizard (D:4)
  2 rats (D:2)
42 creatures vanquished.

Notes
Turn   | Place    | Note
-------+----------+-------------------------------------------
     0 | D:1      | Amnesiac the Spriggan Fighter began the quest for the Orb.
     0 | D:1      | Reached XP level 1. HP: 11/11 MP: 2/2
    48 | D:1      | Reached skill level 1 in Stealth
   155 | D:1      | Reached XP level 2. HP: 12/16 MP: 3/3
   418 | D:2      | Reached XP level 3. HP: 19/19 MP: 4/4
   960 | D:4      | Noticed a scorpion
   973 | D:4      | Killed a scorpion
   973 | D:4      | Reached skill level 5 in Dodging
   973 | D:4      | Reached skill level 1 in Evocations
   973 | D:4      | Reached XP level 4. HP: 9/23 MP: 5/5
  1048 | D:3      | Found a stormy altar of Qazlal.
  1121 | D:4      | Noticed a boggart
  1121 | D:4      | an orc wizard changed into a boggart
  1245 | D:4      | Noticed a water moccasin
  1245 | D:4      | a worker ant changed into a water moccasin
  1258 | D:4      | Noticed Eustachio
  1323 | D:4      | Reached XP level 5. HP: 7/27 MP: 7/7
  1876 | D:4      | Killed from afar by an orc priest

Vault maps used:
D:1:      dpeg_arrival_rooms_b, minmay_misc_feat_nine_boxes
D:2:      kb_forest_paths, lemuel_doored_altar, minmay_pentomino_z4
D:3:      first_ration, minmay_misc_feat_roman, lemuel_altar_in_water2
D:4:      gup_sewer_entry_pipe, uniq_eustachio

Skill      XL: |  1  2  3  4  5 |
---------------+----------------+-----
Stealth        | 2 3 4 |  4.2
Short Blades   | 3 4 |  4.3
Dodging        | 5 |  5.5
Evocations     | 1 2 |  2.2
Fighting       | |  2.4
Shields        | |  2.4

Action                   |  1- 3 |  4- 6 || total
-------------------------+-------+-------++-------
Melee: Rapier            |    91 |    82 ||   173
Evoke: Wand              |       |     2 ||     2
  Use: Potion            |     1 |     4 ||     5
       Scroll            |       |     5 ||     5
 Stab: Distracted        |     2 |       ||     2
       Sleeping          |     1 |     4 ||     5
Armor: Robe              |     7 |     7 ||    14
Dodge: Dodged            |    69 |    94 ||   163
Block: Buckler           |    35 |    32 ||    67

Table legend:
 A = Spawn XP
 B = Non-spawn XP
 C = Spawn XP percentage of total XP
 D = Spawn monster count
 E = Non-spawn monster count
 F = Spawn count percentage of total count
 G = Total turns spent on level
                    A         B        C        D         E        F      G
               +---------+---------+-------+---------+---------+-------+---------
         Total |       0 |     301 |   0.0 |       0 |      42 |   0.0 |  1876
               +---------+---------+-------+---------+---------+-------+---------
           D:1 |       0 |      19 |   0.0 |       0 |       8 |   0.0 |   263
           D:2 |       0 |      52 |   0.0 |       0 |      16 |   0.0 |   554
           D:3 |       0 |      26 |   0.0 |       0 |       7 |   0.0 |   501
           D:4 |       0 |     204 |   0.0 |       0 |      11 |   0.0 |   558
               +---------+---------+-------+---------+---------+-------+---------
